 Dungeon Crawl Stone Soup version 0.27-a0-597-g524d869a0f (webtiles) character file.

Game seed: 12428400625047202712

303 sanka the Changer (level 6, -5/43 HPs)
             Began as a Vampire Transmuter on Mar 11, 2021.
             Slain by a hornet zombie (9 damage)
             ... on level 5 of the Dungeon.
             The game lasted 00:05:54 (3641 turns).

sanka the Changer (Vampire Transmuter)              Turns: 3641, Time: 00:05:55

Health: -5/43      AC:  2    Str:  9    XL:     6   Next: 15%
Magic:  3/9        EV: 20    Int: 15    God:
Gold:   231        SH:  0    Dex: 22    Spells: 3/9 levels left

rFire    . . .     SeeInvis +     - Unarmed
rCold    . . .     Faith    .   (shield currently unavailable)
rNeg     . . .     Spirit   .   (armour currently unavailable)
rPois    x         Reflect  .   (helmet currently unavailable)
rElec    .         Harm     .   (cloak currently unavailable)
rCorr    .         Rampage  .   (gloves currently unavailable)
Will     .....                  (boots currently unavailable)
Stlth    ++........             (no amulet)
HPRegen  0.34/turn              (no ring)
MPRegen  0.11/turn              (no ring)

@: spider-form, very slightly contaminated, regenerating quickly
A: tiny, see invisible, vampiric 2
a: Exsanguinate, End Transformation


You were on level 5 of the Dungeon.
You were a venomous arachnid creature.
You visited 1 branch of the dungeon, and saw 5 of its levels.

You collected 231 gold pieces.


Innate Abilities, Weirdness & Mutations

Your natural rate of healing is unusually fast.
((You have razor-sharp teeth.))
You have supernaturally acute eyesight. (SInv)
((You can survive without breathing.))
You are afflicted with vampirism and can become a bat while bloodless.


   Skills:
 - Level 1.0 Fighting
 - Level 2.1 Dodging
 - Level 4.0 Unarmed Combat
 - Level 2.0 Spellcasting
 + Level 5.3 Transmutations
 + Level 3.2 Poison Magic


You had 3 spell levels left.
You knew the following spells:

 Your Spells              Type           Power      Damage    Failure   Level
x - Beastly Appendage     Tmut           34%        N/A       10%         1
y - Wereblood             Tmut           17%        N/A       12%         2
z - Spider Form           Tmut/Pois      7%         N/A       28%         3

Your spell library contained the following spells:

 Spells                   Type           Power      Damage    Failure   Level
 Blade Hands              Tmut           8%         N/A       77%         5
 Ice Form                 Ice/Tmut       9%         N/A       78%         4

Inventory:

Armour
 a - a +0 robe (melded)
 i - a +0 cloak (melded)
Scrolls
 b - 7 scrolls of identify {unknown}
 f - 3 scrolls of teleportation {unknown}
 h - 2 scrolls of fog {unknown}
 l - 2 scrolls of enchant armour {unknown}
 n - a scroll of fear {unknown}
 o - a scroll of magic mapping {unknown}
Potions
 c - a potion of attraction {unknown}
 d - a potion of flight {unknown}
 e - a potion of curing {unknown}
 g - 2 potions of degeneration {unknown}
 j - a potion of berserk rage {unknown}
 k - 2 potions of lignification {unknown}
 m - a potion of ambrosia {unknown}
 p - a potion of mutation {unknown}

Dungeon Overview and Level Annotations

Branches:
Dungeon (5/15)
 Temple: D:4-7

Altars:
Elyvilon

Annotations:
D:3 exclusion: ice beast

▒▒▒▒▒▒▒▒▒
▒........
▒▒▒▒▒▒▒▒▒▒▒▒.....▒
▒................▒
▒.▒▒▒▒▒▒▒▒▒▒.....▒
▒.▒ ▒.....▒
▒▒▒▒▒.▒
▒▒▒▒▒▒▒▒....▒▒
▒.....▒
▒.....Zs.....▒
▒.▒▒▒▒▒
▒.▒▒▒▒▒......▒
▒.▒▒▒▒▒▒▒
▒.▒.▒...(.
.........
▒.▒.......
▒.▒......
..▒.▒.▒▒..
▒.†▒▒▒▒▒▒
▒▒▒....... ▒..▒ ..
... .▒.▒ .. ▒..▒


You could see a hornet zombie.


Message History

You kill the adder!
No target in view!
No target in view!
Your transformation is almost over.
Your transformation has ended.
You now have 218 gold pieces (gained 8).
Found 13 gold pieces.
You now have 231 gold pieces (gained 13).
Found 24 arrows.
A hornet zombie comes into view.
A hornet zombie is nearby!
You miscast Spider Form.
You are very lightly contaminated with residual magic.
Nothing appears to happen.
The hornet zombie hits you!
You hit the hornet zombie but do no damage.
The hornet zombie hits you.
You barely miss the hornet zombie. The hornet zombie hits you!
You hit the hornet zombie but do no damage.
The hornet zombie misses you. The hornet zombie hits you!
* * * LOW HITPOINT WARNING * * *
You closely miss the hornet zombie. Your bite misses the hornet zombie.
The hornet zombie hits you!
* * * LOW HITPOINT WARNING * * *
You turn into a venomous arachnid creature.
The hornet zombie hits you!
You die...

Action                   |  1- 3 |  4- 6 || total
-------------------------+-------+-------++-------
Melee: Unarmed           |   139 |   136 ||   275
       Kick              |    26 |    13 ||    39
       Headbutt          |    13 |     2 ||    15
       Bite              |    13 |     4 ||    17
       Punch             |     3 |     1 ||     4
 Cast: Beastly Appendage |    30 |    13 ||    43
       Spider Form       |       |     8 ||     8
 Stab: Sleeping          |     2 |       ||     2
Armor: Robe              |    26 |    14 ||    40
       Skin              |       |     3 ||     3
Dodge: Dodged            |    80 |   134 ||   214

Levels and vault maps discovered:
D:1:      ncdulo_halloftheorcs, layout_basic, chequers_serial_rivers_small_b,
          corexii_leaking_fountain
D:2:      layout_loops_ring, minmay_rat_hole
D:3:      layout_basic, elyvilon_altar_5
D:4:      layout_rooms
D:5:      layout_loops_ring, nicolae_temple_entry_ecumenical

Notes
Turn   | Place    | Note
-------+----------+-------------------------------------------
     0 | D:1      | sanka the Vampire Transmuter began the quest for the Orb.
     0 | D:1      | Reached XP level 1. HP: 14/14 MP: 3/3
    21 | D:1      | Reached skill level 1 in Fighting
   125 | D:1      | Reached XP level 2. HP: 10/21 MP: 3/5
   195 | D:1      | Reached skill level 4 in Unarmed Combat
   866 | D:1      | Reached skill level 3 in Transmutations
  1011 | D:1      | Gained mutation: You are afflicted with vampirism and can
                  | become a bat while bloodless. [Vampire growth]
  1011 | D:1      | Reached XP level 3. HP: 26/26 MP: 4/6
  1050 | D:1      | Learned a level 2 spell: Wereblood
  1054 | D:1      | Learned a level 3 spell: Spider Form
  1560 | D:3      | Noticed an ice beast
  1765 | D:3      | Reached skill level 1 in Poison Magic
  2362 | D:3      | Reached XP level 4. HP: 23/32 MP: 5/7
  2672 | D:4      | Reached skill level 4 in Transmutations
  2688 | D:4      | Reached skill level 2 in Poison Magic
  2896 | D:4      | Reached XP level 5. HP: 37/37 MP: 6/8
  2961 | D:4      | Noticed a phantom
  3019 | D:3      | HP: 2/37 [phantom (5)]
  3020 | D:3      | Killed a phantom
  3021 | D:3      | Reached skill level 5 in Transmutations
  3270 | D:4      | Reached skill level 3 in Poison Magic
  3270 | D:4      | Reached XP level 6. HP: 25/43 MP: 6/9
  3516 | D:5      | Entered Level 5 of the Dungeon
  3640 | D:5      | HP: 4/43 [hornet zombie (11)]
  3641 | D:5      | Slain by a hornet zombie

Vanquished Creatures
  A phantom (D:3)
  An orc priest (D:4)
  An orc wizard (D:4)
  A worker ant (D:5)
  A hound skeleton (D:4)
  4 adders
  A worm (D:4)
  An adder skeleton (D:4)
  A dart slug (D:1)
  2 leopard geckos (D:1)
  11 orcs
  6 bats
  4 giant cockroaches
  2 goblins
  10 hobgoblins
  8 jackals
  13 kobolds
  2 quokkas (D:3)
  A ball python (D:4)
  A frilled lizard (D:1)
  5 rats
77 creatures vanquished.
